 Dungeon Crawl Stone Soup version 0.27-a0-1136-g0b992a5a9d (webtiles) character file.

Game seed: 15404303277904891703

177 flotson the Covert (level 5, -4/47 HPs)
             Began as a Gnoll Delver on May 6, 2021.
             Killed from afar by Natasha (6 damage)
             ... with a magic dart
             ... on level 2 of the Dungeon.
             The game lasted 00:06:33 (3379 turns).

flotson the Covert (Gnoll Delver)                   Turns: 3379, Time: 00:06:33

Health: -4/47      AC: 12    Str: 10 (13) XL:     5   Next: 57%
Magic:  7/7        EV: 16    Int:  6 (9)  God:
Gold:   76         SH:  0    Dex: 11 (13) Spells: 7/7 levels left

rFire    . . .     SeeInvis .   a - +0 dagger (protect)
rCold    . . .     Faith    .   (no shield)
rNeg     + . .     Spirit   .   d - +0 leather armour
rPois    .         Reflect  .   (no helmet)
rElec    .         Harm     .   (no cloak)
rCorr    .         Rampage  .   p - +1 pair of gloves
Will     .....                  (no boots)
Stlth    ++++......             (no amulet)
HPRegen  0.15/turn              m - ring of positive energy
MPRegen  0.10/turn              o - +4 ring of evasion

@: under a protective aura
A: fangs 1, strong nose, distributed training
a: no special abilities


You were on level 2 of the Dungeon.
You visited 1 branch of the dungeon, and saw 5 of its levels.

You collected 76 gold pieces.

Inventory:

Hand Weapons
 a - a +0 dagger of protection (weapon)
 b - a +0 hunting sling
 n - a +0 spear
Missiles
 k - 9 sling bullets
Armour
 d - a +0 leather armour (worn)
 p - a +1 pair of gloves (worn)
Jewellery
 m - a ring of positive energy (left hand)
 o - a +4 ring of evasion (right hand)
Wands
 g - a wand of digging (3)
Scrolls
 c - a scroll of fog
Potions
 e - a potion of flight


   Skills:
 + Level 6.7 Fighting
 + Level 1.5 Short Blades
 + Level 1.5 Long Blades
 + Level 1.5 Axes
 + Level 1.5 Maces & Flails
 + Level 4.8 Polearms
 + Level 1.5 Staves
 + Level 1.5 Slings
 + Level 1.5 Bows
 + Level 1.5 Crossbows
 + Level 1.5 Throwing
 + Level 1.5 Armour
 + Level 4.8 Dodging
 + Level 9.6 Stealth
 + Level 1.5 Shields
 + Level 1.5 Unarmed Combat
 + Level 1.5 Spellcasting
 + Level 1.2 Conjurations
 + Level 1.2 Hexes
 + Level 1.2 Summonings
 + Level 1.2 Necromancy
 + Level 1.2 Translocations
 + Level 1.2 Transmutations
 + Level 1.2 Fire Magic
 + Level 1.2 Ice Magic
 + Level 1.2 Air Magic
 + Level 1.2 Earth Magic
 + Level 1.2 Poison Magic
 + Level 1.7 Invocations
 + Level 1.5 Evocations


You had 7 spell levels left.
You didn't know any spells.
Your spell library was empty.

Dungeon Overview and Level Annotations

Branches:
Dungeon (5/15)
 Temple: D:4-7

Altars:

Annotations:
D:2 Natasha


Innate Abilities, Weirdness & Mutations

You have very sharp teeth.
Your uncanny sense of smell can sniff out nearby items.
Your experience applies equally to all skills.


Message History

Your weapon exudes an aura of protection.
Your bite misses Natasha.
Natasha is moderately wounded.
The crimson imp blinks!
Natasha claws you.
* * * LOW HITPOINT WARNING * * *
You completely miss Natasha.
Natasha is moderately wounded.
Natasha claws you.
* * * LOW HITPOINT WARNING * * *
You closely miss Natasha.
Natasha is moderately wounded.
Natasha completely misses you.
You barely miss Natasha.
Natasha is moderately wounded.
The crimson imp misses you. Natasha barely misses you.
You barely miss Natasha.
Natasha is moderately wounded.
The crimson imp misses you.
Natasha howls an incantation.
You feel troubled. Natasha claws you but does no damage.
You hit Natasha but do no damage.
Your weapon exudes an aura of protection.
Natasha is moderately wounded.
The crimson imp closely misses you. Natasha claws you but does no damage.
You hit Natasha. Your bite misses Natasha.
Natasha is heavily wounded.
The crimson imp disappears in a puff of smoke!
You hit Natasha. Your bite misses Natasha.
Natasha is severely wounded.
Natasha barely misses you.
You closely miss Natasha.
Natasha is severely wounded.
Natasha claws you.
* * * LOW HITPOINT WARNING * * *
You hit Natasha.
Natasha is severely wounded.
Natasha stares at you and mumbles some strange words.
The magic dart hits you.
You die...

###...#.###..#...##
##....# #[..!...##.
##...###..........#
#...##...##........
#.#(##...###.###.#.
#.#..#รท.## #...
..# #.#..S..# ###.#
.. #.#.#h#.# ...
#...#@#.# #$
#####...# ##..#
#..# #..# ####


You could see Natasha and an adder.

Vanquished Creatures
  A water moccasin skeleton (D:4)
  Jessica (D:3)
  3 gnolls (D:1)
  3 adders
  A worm (D:2)
  A dart slug (D:1)
  3 orcs
  2 bats (D:1)
  3 endoplasms
  A giant cockroach (D:3)
  5 goblins
  4 hobgoblins
  A jackal (D:4)
  3 kobolds
  A quokka (D:1)
  4 ball pythons (D:1)
  2 frilled lizards
  4 rats
43 creatures vanquished.

Vanquished Creatures (others)
  3 plants (D:1)
3 creatures vanquished.

Grand Total: 46 creatures vanquished

Notes
Turn   | Place    | Note
-------+----------+-------------------------------------------
     0 | D:5      | Reached skill level 9 in Stealth
     0 | D:5      | flotson the Gnoll Delver began the quest for the Orb.
     0 | D:5      | Reached XP level 1. HP: 23/23 MP: 1/1
     2 | D:5      | Noticed a water moccasin
    21 | D:5      | Noticed a wight
    21 | D:5      | Noticed a wight
    22 | D:5      | Noticed a scorpion
    22 | D:5      | Noticed a wight
    22 | D:5      | Noticed a scorpion
    62 | D:4      | Reached skill level 1 in Invocations
    62 | D:4      | Reached XP level 2. HP: 7/29 MP: 1/3
    62 | D:4      | Reached XP level 3. HP: 9/35 MP: 1/4
   309 | D:4      | Reached skill level 1 in Short Blades
   309 | D:4      | Reached skill level 1 in Long Blades
   309 | D:4      | Reached skill level 1 in Axes
   309 | D:4      | Reached skill level 1 in Maces & Flails
   309 | D:4      | Reached skill level 1 in Staves
   309 | D:4      | Reached skill level 1 in Slings
   309 | D:4      | Reached skill level 1 in Bows
   309 | D:4      | Reached skill level 1 in Crossbows
   309 | D:4      | Reached skill level 1 in Throwing
   309 | D:4      | Reached skill level 1 in Armour
   309 | D:4      | Reached skill level 1 in Shields
   309 | D:4      | Reached skill level 1 in Unarmed Combat
   309 | D:4      | Reached skill level 1 in Spellcasting
   309 | D:4      | Reached skill level 1 in Evocations
   409 | D:4      | Reached XP level 4. HP: 34/41 MP: 5/5
   487 | D:3      | Noticed Jessica
   572 | D:3      | Killed Jessica
   573 | D:3      | Reached skill level 1 in Conjurations
   573 | D:3      | Reached skill level 1 in Hexes
   573 | D:3      | Reached skill level 1 in Summonings
   573 | D:3      | Reached skill level 1 in Necromancy
   573 | D:3      | Reached skill level 1 in Translocations
   573 | D:3      | Reached skill level 1 in Transmutations
   573 | D:3      | Reached skill level 1 in Fire Magic
   573 | D:3      | Reached skill level 1 in Ice Magic
   573 | D:3      | Reached skill level 1 in Air Magic
   573 | D:3      | Reached skill level 1 in Earth Magic
   573 | D:3      | Reached skill level 1 in Poison Magic
   717 | D:2      | Noticed Natasha
   717 | D:2      | Noticed an orc warrior
  1043 | D:1      | Found a faded altar of an unknown god.
  1377 | D:1      | Reached XP level 5. HP: 47/47 MP: 6/6
  2668 | D:1      | Found a faded altar of an unknown god.
  3378 | D:2      | HP: 2/47 [Natasha (4)]
  3379 | D:2      | Killed from afar by Natasha

Illustrated notes

Levels and vault maps discovered:
D:1:      ebering_trefoil_twist, layout_loops_corners,
          shapermc_ecumenical_altar_mp_urbaneastern, hangedman_feature_mirror,
          minmay_fountain_box, kennysheep_minor_cross
D:2:      layout_rooms, uniq_natasha
D:3:      layout_rooms, nicolae_qazlal_eye_of_the_storm,
          uniq_crazy_yiuf_cottage, uniq_jessica, uniq_sigmund, uniq_grinder,
          uniq_terence
D:4:      layout_basic, hangedman_feature_mirror, minmay_ruptured
D:5:      layout_rooms

Skill      XL: |  1  2  3  4 |
---------------+-------------+-----
Stealth        | |  9.6
Invocations    | 1 |  1.7
Short Blades   | 1 |  1.5
Long Blades    | 1 |  1.5
Axes           | 1 |  1.5
Maces & Flails | 1 |  1.5
Staves         | 1 |  1.5
Slings         | 1 |  1.5
Bows           | 1 |  1.5
Crossbows      | 1 |  1.5
Throwing       | 1 |  1.5
Armour         | 1 |  1.5
Shields        | 1 |  1.5
Unarmed Combat | 1 |  1.5
Spellcasting   | 1 |  1.5
Evocations     | 1 |  1.5
Conjurations   | 1 |  1.2
Hexes          | 1 |  1.2
Summonings     | 1 |  1.2
Necromancy     | 1 |  1.2
Translocations | 1 |  1.2
Transmutations | 1 |  1.2
Fire Magic     | 1 |  1.2
Ice Magic      | 1 |  1.2
Air Magic      | 1 |  1.2
Earth Magic    | 1 |  1.2
Poison Magic   | 1 |  1.2
Fighting       | |  6.7
Polearms       | |  4.8
Dodging        | |  4.8

Action                   |  1- 3 |  4- 6 || total
-------------------------+-------+-------++-------
Melee: Spear             |    47 |    58 ||   105
       Bite              |     4 |     8 ||    12
       Dagger            |       |   109 ||   109
       Punch             |       |     1 ||     1
 Fire: Hunting sling     |       |    40 ||    40
  Use: Scroll            |     1 |     4 ||     5
       Potion            |     1 |     4 ||     5
 Stab: Sleeping          |     3 |    10 ||    13
Armor: Leather armour    |     3 |    31 ||    34
Dodge: Dodged            |    19 |   140 ||   159

Table legend: (Time is in decaauts)
 A = Elapsed time spent in this place.
 B = Non-inter-level travel time spent in this place.
 C = Inter-level travel time spent in this place.
 D = Time resting spent in this place.
 E = Time spent auto-exploring this place.
 F = Levels seen in this place.
 G = Mean time per level.
                   A        B        C        D        E       F      G
               +--------+--------+--------+--------+--------+-----+--------+
         Total |   3324 |   3236 |     88 |    514 |   2076 |   5 |  664.8 |
       Dungeon |   3324 |   3236 |     88 |    514 |   2076 |   5 |  664.8 |
               +--------+--------+--------+--------+--------+-----+--------+

Top non-repeatable levels by time:
     D:1: 2473 daAuts
     D:4: 370 daAuts
     D:3: 301 daAuts
     D:2: 154 daAuts
     D:5: 25 daAuts
